 Dungeon Crawl Stone Soup version 0.30-a0-218-gedb9141078 (webtiles) character file.

Game seed: 13144750634103893605

32 27heaven the Ruffian (level 3, 28/29 HPs)
             Began as a Draconian Transmuter on Oct 5, 2022.
             Quit the game on level 1 of the Dungeon.
             The game lasted 00:01:11 (764 turns).

27heaven the Ruffian (Draconian Transmuter)          Turns: 764, Time: 00:01:11

Health: 28/29      AC:  5    Str: 14    XL:     3   Next: 8%
Magic:  6/6        EV: 12    Int: 13    God:
Gold:   20         SH:  0    Dex: 11    Spells: 6/7 levels left

rFire   + . .      SeeInvis .      - Unarmed
rCold   x . .      Faith    .    (no shield)
rNeg    . . .      Spirit   .    (body armour unavailable)
rPois   .          Reflect  .    (helmet restricted)
rElec   .          Harm     .    (no cloak)
rCorr   .          Rampage  .    (no gloves)
Will    .....                    (no boots)
Stlth   +.........               (no amulet)
HPRegen 0.24/turn                b - ring of fire
MPRegen 0.10/turn                (no ring)

@: no status effects
A: AC +5, unfitting armour, cold-blooded
a: no special abilities


You were on level 1 of the Dungeon.
You visited 1 branch of the dungeon, and saw 1 of its levels.

You collected 20 gold pieces.

Inventory:

Jewellery
 b - a ring of fire (left hand)
Scrolls
 c - a scroll of enchant armour {unknown}
 f - a scroll of immolation {unknown}
 g - a scroll of teleportation {unknown}
Potions
 a - a potion of lignification
 d - 2 potions of curing {unknown}
 e - a potion of flight {unknown}


   Skills:
 + Level 2.1 Fighting
 - Level 1.7 Dodging
 - Level 3.0 Unarmed Combat
 + Level 2.5 Spellcasting
 + Level 2.6 Transmutations


You had 6 spell levels left.
You knew the following spells:

 Your Spells              Type           Power      Damage    Failure   Level
a - Beastly Appendage     Tmut           16%        N/A       9%          1

Your spell library contained the following spells:

 Spells                   Type           Power      Damage    Failure   Level
 Wereblood                Tmut           8%         N/A       13%         2
 Spider Form              Tmut/Pois      5%         N/A       38%         3
 Ice Form                 Ice/Tmut       5%         N/A       80%         4


Dungeon Overview and Level Annotations

Branches:
Dungeon (1/15)

Altars:


Innate Abilities, Weirdness & Mutations

Your plain brown scales are hard. (AC +5)
You cannot fit into any form of body armour.
You are cold-blooded and may be slowed by cold attacks.


Message History

The bat barely misses you. The bat hits you but does no damage.
You hit the bat but do no damage. The bat closely misses you.
The bat hits you but does no damage.
You hit the bat.
You kill the bat!
You have reached level 3!
Your experience leads to an increase in your attributes!
Increase (S)trength, (I)ntelligence, or (D)exterity?
You feel stronger. x2; Your scales feel tougher.
g - a scroll labelled MIVUTT ILYQ You see here a +0 club.
An endoplasm and a goblin come into view.
The endoplasm quivers.
The goblin shouts!
There are monsters nearby!
There are monsters nearby!
There are monsters nearby!
The endoplasm hits you but does no damage.
You hit the endoplasm.
The endoplasm is lightly wounded.
The endoplasm hits you but does no damage.
The goblin hits you but does no damage.
You hit the endoplasm.
You tail-slap the endoplasm, but do no damage.
The endoplasm is almost dead.
The endoplasm misses you. The goblin barely misses you.
You hit the endoplasm.
You kill the endoplasm!
The goblin hits you with a +0 dagger.
You hit the goblin but do no damage. The goblin hits you but does no damage.
The goblin misses you.
You hit the goblin.
The goblin is severely wounded.
The goblin closely misses you.
You completely miss the goblin. You tail-slap the goblin.
You kill the goblin!
No target in view!
Enter note: Are you sure you want to abandon this character and quit the game? (Confirm with "yes".)

#...###.....###.#
#.#.#.##...##.#.#
#.#.'8.##.##.8'.######
# #.#...#+#...#......#
# #.##...+...##.####.#
#.##.##.....##..# #.#
#....$##.8.##..## #..
#...##.##..## ###
#@..#+#..##
####)..+..###### #
#.........#.....# #
#.######..#.....#####
#..#........##
##.#....######
#.#..#.#...#.
#.#..#...#.#.
#.#.######.##


There were no monsters in sight!

Vanquished Creatures
  4 ball pythons (D:1)
  2 bats (D:1)
  2 endoplasms (D:1)
  5 goblins (D:1)
  9 hobgoblins (D:1)
  A frilled lizard (D:1)
  A kobold (D:1)
  2 rats (D:1)
26 creatures vanquished.

Notes
Turn   | Place    | Note
-------+----------+-------------------------------------------
     0 | D:1      | 27heaven the Draconian Transmuter began the quest for the
                  | Orb.
     0 | D:1      | Reached XP level 1. HP: 16/16 MP: 3/3
    75 | D:1      | Reached XP level 2. HP: 18/23 MP: 5/5
   542 | D:1      | Reached XP level 3. HP: 29/29 MP: 6/6
   764 | D:1      | Quit the game

Illustrated notes

Levels and vault maps discovered:
D:1:      psy_arrival_radial01, layout_loops_cross,
          shapermc_ecumenical_altar_flowoftime, grunt_decor_arrowhead

Skill      XL: |  1  2 |
---------------+-------+-----
Fighting       | 2 |  2.1
Dodging        | |  1.7
Unarmed Combat | |  3.0
Spellcasting   | |  2.5
Transmutations | |  2.6

Action                   || total
-------------------------++-------
Melee: Unarmed           ||    71
       Tailslap          ||    15
Armor: Skin              ||    27
Dodge: Dodged            ||    42

Table legend: (Time is in decaauts)
 A = Elapsed time spent in this place.
 B = Non-inter-level travel time spent in this place.
 C = Inter-level travel time spent in this place.
 D = Time resting spent in this place.
 E = Time spent auto-exploring this place.
 F = Levels seen in this place.
 G = Mean time per level.
                   A        B        C        D        E       F      G
               +--------+--------+--------+--------+--------+-----+--------+
         Total |    759 |    759 |      0 |      0 |    591 |   1 |  759.0 |
       Dungeon |    759 |    759 |      0 |      0 |    591 |   1 |  759.0 |
               +--------+--------+--------+--------+--------+-----+--------+

Top non-repeatable levels by time:
     D:1: 759 daAuts
